Sharks vs Jets

Created - February-01-15 at 11:08

Goals
1 2 3 OT1 SO T
Sharks 0 0 3 0 0 3
Jets 0 2 1 0 1 4
Shots
1 2 3 OT1 SO T
Sharks 8 3 11 3 4 25
Jets 9 11 7 4 4 31

1st period

No Goal

Penalties :
Radko Gudas (WPG) for Tripping (Minor) at 11:28, Anders Lee (WPG) for High sticking (Minor) at 14:22

2nd period

1. Jets , Tomas Plekanec 8 (Jonathan Ericsson, Nick Bonino) at 3:24
2. Jets , Joe Pavelski 36 (Anders Lee, Christian Ehrhoff) at 4:29 (PP)

Penalties :
Robert Bortuzzo (SJS) for Hooking (Minor) at 3:55, Alexander Edler (WPG) for Hooking (Minor) at 14:08, Alexander Edler (WPG) for Holding (Minor) at 16:45

3rd period

3. Sharks , Rich Peverley 13 (Matt Beleskey, Kyle Quincey) at 2:23 (PP)
4. Sharks , Robert Bortuzzo 1 (Joe Corvo, Andrew Shaw) at 5:54 (PP)
5. Sharks , Jannik Hansen 6 (Martin Havlat) at 11:35
6. Jets , Anders Lee 12 (Joe Pavelski) at 12:06 (PP)

Penalties :
Radko Gudas (WPG) for Holding (Minor) at 1:01, Radko Gudas (WPG) for Roughing (Minor) at 4:15, Nicklas Grossmann (WPG) for Holding (Minor) at 7:42, Kyle Quincey (SJS) for High sticking (Minor) at 12:04, Cory Sarich (SJS) for Roughing (Minor) at 12:13, Carl Hagelin (WPG) for Roughing (Double Minor) at 14:23, Cory Sarich (SJS) for Boarding (Minor) at 15:17

Overtime #1

No Goal

Penalties :
No Penalty

Shootout

Penalty Shot by Jannik Hansen for Sharks - Shot Misses the Net
Penalty Shot by Chris Kunitz for Jets - Stopped by Jonas Hiller
Penalty Shot by Rich Peverley for Sharks - Shot Misses the Net
Penalty Shot by Corey Perry for Jets - Shot Misses the Net
Penalty Shot by Drew Stafford for Sharks - Stopped by Tim Thomas
Penalty Shot by Joe Pavelski for Jets - Stopped by Jonas Hiller
Penalty Shot by Matt Beleskey for Sharks - Stopped by Tim Thomas
Penalty Shot by Jamie Benn for Jets - Goal!

Penalties :
No Penalty

Goalie Stats

Jonas Hiller (SJS), 28 saves from 31 shots - (0.903), OTL, 12-14-5, 65:00 minutes
Tim Thomas (WPG), 22 saves from 25 shots - (0.880), W, 5-6-1, 65:00 minutes

Players Stats for Sharks

Player Name              G  A  P  +/- PIM S  H  SB GA TA FO     MP     PP MP  PK MP  
------------------------------------------------------------------------------------
Andrew Shaw              0  1  1   0  0   4  2  0  0  0  0/1    14:47   0:21   0:00 
Brooks Laich             0  0  0   0  0   1  1  0  0  0  10/29  23:11   7:53   0:00 
Chris Butler             0  0  0   1  0   2  0  0  0  0  0/0    25:42   7:05   0:42 
Colin Fraser             0  0  0   0  0   0  0  0  0  0  4/5     8:12   0:00   0:00 
Cory Sarich              0  0  0   1  4   3  1  4  0  0  0/0    21:02   6:55   0:36 
Drew Stafford            0  0  0   0  0   3  0  0  0  0  1/3    23:44   7:32   1:49 
Jannik Hansen            1  0  1   0  0   2  4  0  0  0  0/3    24:46   8:19   0:46 
Joe Corvo                0  1  1  -1  0   1  1  0  0  0  0/0    18:38   1:29   1:08 
Jordan Leopold           0  0  0   0  0   0  0  0  0  0  0/0     2:58   0:00   0:00 
Justin Falk              0  0  0   0  0   0  0  0  0  0  0/0     0:21   0:10   0:11 
Kyle Quincey             0  1  1  -1  2   0  3  2  0  0  0/0    26:59   6:22   1:51 
Martin Havlat            0  1  1   0  0   1  0  0  0  0  0/1    19:03   7:03   0:00 
Matt Beleskey            0  1  1   0  0   0  3  2  0  0  1/1    24:45   6:37   0:46 
Michael Kostka           0  0  0   0  0   0  0  1  0  0  0/0    11:11   0:00   0:00 
Rich Peverley            1  0  1   0  0   5  1  0  0  0  11/19  18:44   7:03   1:49 
Robert Bortuzzo          1  0  1   0  2   2  3  2  0  0  0/0    23:05   7:50   0:42 
Stephen Weiss            0  0  0   0  0   1  0  0  0  0  10/18  14:07   0:00   0:00 
Viktor Stalberg          0  0  0   0  0   0  0  0  0  0  0/0    14:07   0:00   0:00 

Players Stats for Jets

Player Name              G  A  P  +/- PIM S  H  SB GA TA FO     MP     PP MP  PK MP  
------------------------------------------------------------------------------------
Alexander Edler          0  0  0   0  4   2  1  1  0  0  0/0    19:03   0:41   0:15 
Anders Lee               1  1  2   0  2   3  3  0  0  0  0/3    19:00   1:34   0:12 
Boyd Gordon              0  0  0   0  0   0  0  0  0  0  2/4     2:26   0:00   0:00 
Brett Bellemore          0  0  0  -1  0   0  0  0  0  0  0/0    12:28   0:00   8:31 
Carl Hagelin             0  0  0   1  4   0  1  0  0  0  0/0    10:54   0:00   2:50 
Chris Kunitz             0  0  0  -1  0   3  6  0  0  0  0/1    16:37   1:01   0:14 
Christian Ehrhoff        0  1  1   0  0   1  0  3  0  0  0/0    20:35   1:54   0:27 
Connor Murphy            0  0  0   0  0   0  2  3  0  0  0/0    26:18   1:54   6:10 
Corey Perry              0  0  0   0  0   3  1  0  0  0  2/2    22:51   1:34   0:00 
Jamie Benn               0  0  0  -1  0   3  4  0  0  0  9/20   21:04   1:01   4:41 
Joe Pavelski             1  1  2   0  0   7  0  0  0  0  12/21  22:54   1:34   0:03 
Jonathan Ericsson        0  1  1   0  0   0  3  3  0  0  0/0    22:31   0:00   8:31 
Josh Bailey              0  0  0  -1  0   0  0  0  0  0  0/1    16:11   1:01   0:00 
Nick Bonino              0  1  1   1  0   3  1  0  0  0  0/1     8:24   0:00   0:00 
Nicklas Grossmann        0  0  0   1  2   1  1  1  0  0  0/0     9:25   0:00   2:17 
Pascal Dupuis            0  0  0   0  0   1  1  5  0  0  0/0    13:15   0:00  10:49 
Radko Gudas              0  0  0   0  6   1  4  5  0  0  0/0    19:34   0:41   3:41 
Tomas Plekanec           1  0  1   1  0   3  0  0  0  0  18/27  19:27   0:00  11:03 

3 Stars

1 - Jannik Hansen (SJS)
2 - Joe Pavelski (WPG)
3 - Anders Lee (WPG)

Power Play

Sharks - 2 on 9 Attempt(s) - 22.22%
Jets - 2 on 4 Attempt(s) - 50.00%

Penalty Kill

Sharks - 2 on 4 Attempt(s) - 50.00% - Score 0 goal in Penalty Kill
Jets - 7 on 9 Attempt(s) - 77.78% - Score 0 goal in Penalty Kill

Team Stat

Sharks - Hits : 19 - Faceoff Wins : 37 - Blocked Shots : 11 - Penalty Minutes : 8
Jets - Hits : 28 - Faceoff Wins : 43 - Blocked Shots : 21 - Penalty Minutes : 18

Official

Referees : Dan O'Rourke and Greg Kimmerly
Linesman : Ryan Galloway and Darren Gibbs

Game Notes

No Game Note

Finance

Level 1 -- Attendance: 6000 (100.00%) -- Ticket Income $588,000
Level 2 -- Attendance: 4671 (93.42%) -- Ticket Income $359,667
Level 3 -- Attendance: 2161 (98.23%) -- Ticket Income $155,592
Level 4 -- Attendance: 1015 (100.00%) -- Ticket Income $66,990
Luxury Box -- Attendance: 704 (88.00%) -- Ticket Income $161,920
Game was played at the MTS Center'
Total Attendance: 14551 (96.91%)
Total Ticket Income: $1,332,169
Other Income: $199,825
Total Income: $1,531,994

% Time on Ice - Sharks

Lines # - Real PCT - Wanted PCT - Time Play
Normal Forward
1 - 30% - 30% - 12:00
2 - 20% - 30% - 8:12
3 - 15% - 25% - 6:11
4 - 35% - 15% - 14:07
Normal Defense
1 - 39% - 40% - 15:42
2 - 26% - 35% - 10:39
3 - 28% - 25% - 11:11
4 - 7% - 0% - 2:58
PP Forward
1 - 53% - 50% - 7:53
2 - 47% - 50% - 7:03
PP Defense
1 - 54% - 60% - 8:00
2 - 46% - 40% - 6:56
PK Forward
1 - 70% - 55% - 1:49
2 - 30% - 45% - 0:46
PK Defense
1 - 73% - 55% - 1:53
2 - 27% - 45% - 0:42
PK3 Forward
1 - 0% - 60%
2 - 0% - 40%
PK3 Defense
1 - 0% - 60%
2 - 0% - 40%
44 Forward
1 - 57% - 55% - 4:00
2 - 43% - 45% - 2:59
44 Defense
1 - 62% - 55% - 4:18
2 - 38% - 45% - 2:41
Last Minute Offensive  - 0:00
Last Minute Defensive  - 0:00
Total
Forward - 65:00
Defense - 65:00

% Time on Ice - Jets

Lines # - Real PCT - Wanted PCT - Time Play
Normal Forward
1 - 43% - 40% - 17:15
2 - 31% - 31% - 12:44
3 - 20% - 19% - 8:05
4 - 6% - 10% - 2:26
Normal Defense
1 - 35% - 40% - 14:09
2 - 38% - 34% - 15:15
3 - 18% - 16% - 7:09
4 - 10% - 10% - 3:57
PP Forward
1 - 61% - 70% - 1:34
2 - 39% - 30% - 1:01
PP Defense
1 - 74% - 70% - 1:54
2 - 26% - 30% - 0:41
PK Forward
1 - 100% - 75% - 14:56
2 - 0% - 25% - 0:00
PK Defense
1 - 57% - 60% - 8:31
2 - 43% - 40% - 6:25
PK3 Forward
1 - 0% - 70%
2 - 0% - 30%
PK3 Defense
1 - 0% - 60%
2 - 0% - 40%
44 Forward
1 - 62% - 60% - 4:21
2 - 38% - 40% - 2:38
44 Defense
1 - 58% - 51% - 4:05
2 - 42% - 49% - 2:54
Last Minute Offensive  - 0:00
Last Minute Defensive  - 0:00
Total
Forward - 65:00
Defense - 65:00

Play by Play

1st period


0:01 of 1st period - Brooks Laich wins face-off versus Joe Pavelski in neutral zone.
0:05 of 1st period - Icing by Christian Ehrhoff.
0:06 of 1st period - Colin Fraser wins face-off versus Anders Lee in Jets zone.
0:25 of 1st period - Shot by Joe Pavelski.
0:25 of 1st period - Stopped by Jonas Hiller without a rebound.
0:26 of 1st period - Stephen Weiss wins face-off versus Jamie Benn in Sharks zone.
0:26 of 1st period - Stephen Weiss is hit by Jamie Benn.
0:32 of 1st period - Shot by Viktor Stalberg.
0:32 of 1st period - Deflect By Andrew Shaw.
0:32 of 1st period - Stopped by Tim Thomas without a rebound.
0:33 of 1st period - Rich Peverley wins face-off versus Tomas Plekanec in Jets zone.
0:33 of 1st period - Matt Beleskey is hit by Jonathan Ericsson.
0:47 of 1st period - Shot by Drew Stafford.
0:47 of 1st period - Stopped by Tim Thomas without a rebound.
0:48 of 1st period - Brooks Laich wins face-off versus Jamie Benn in Jets zone.
0:57 of 1st period - Shot by Jannik Hansen.
0:57 of 1st period - Shot Misses the Net.
1:08 of 1st period - Chris Kunitz is hit by Robert Bortuzzo and loses puck.
2:03 of 1st period - Shot by Christian Ehrhoff.
2:03 of 1st period - Shot Misses the Net.
2:05 of 1st period - Shot by Christian Ehrhoff.
2:05 of 1st period - Shot Blocked by Matt Beleskey.
2:07 of 1st period - Shot by Corey Perry.
2:07 of 1st period - Stopped by Jonas Hiller with a rebound.
2:29 of 1st period - Shot by Joe Pavelski.
2:29 of 1st period - Stopped by Jonas Hiller with a rebound.
2:31 of 1st period - Shot by Anders Lee.
2:31 of 1st period - Stopped by Jonas Hiller without a rebound.
2:32 of 1st period - Tomas Plekanec wins face-off versus Stephen Weiss in Sharks zone.
2:55 of 1st period - Stephen Weiss is hit by Carl Hagelin.
3:11 of 1st period - Shot by Andrew Shaw.
3:11 of 1st period - Shot Blocked by Jonathan Ericsson.
3:24 of 1st period - Icing by Chris Butler.
3:25 of 1st period - Stephen Weiss wins face-off versus Boyd Gordon in Sharks zone.
3:52 of 1st period - Brooks Laich is hit by Radko Gudas and loses puck.
5:35 of 1st period - Shot by Carl Hagelin.
5:35 of 1st period - Deflect By Nick Bonino.
5:35 of 1st period - Shot Misses the Net.
5:41 of 1st period - Shot by Nick Bonino.
5:41 of 1st period - Stopped by Jonas Hiller without a rebound.
5:42 of 1st period - Jamie Benn wins face-off versus Stephen Weiss in Sharks zone.
5:49 of 1st period - Cory Sarich is hit by Jamie Benn and loses puck.
6:42 of 1st period - Shot by Brooks Laich.
6:42 of 1st period - Shot Blocked by Radko Gudas.
7:01 of 1st period - Tomas Plekanec is hit by Robert Bortuzzo and loses puck.
7:05 of 1st period - Icing by Robert Bortuzzo.
7:06 of 1st period - Brooks Laich wins face-off versus Joe Pavelski in Sharks zone.
7:25 of 1st period - Shot by Corey Perry.
7:25 of 1st period - Shot Misses the Net.
8:09 of 1st period - Shot by Rich Peverley.
8:09 of 1st period - Stopped by Tim Thomas with a rebound.
8:26 of 1st period - Rich Peverley is hit by Jonathan Ericsson and loses puck.
8:50 of 1st period - Andrew Shaw is hit by Jonathan Ericsson and loses puck.
9:04 of 1st period - Shot by Cory Sarich.
9:04 of 1st period - Stopped by Tim Thomas without a rebound.
9:05 of 1st period - Jamie Benn wins face-off versus Martin Havlat in Jets zone.
9:05 of 1st period - Jamie Benn is hit by Jannik Hansen.
9:19 of 1st period - Shot by Jamie Benn.
9:19 of 1st period - Stopped by Jonas Hiller without a rebound.
9:20 of 1st period - Stephen Weiss wins face-off versus Boyd Gordon in Sharks zone.
9:29 of 1st period - Shot by Alexander Edler.
9:29 of 1st period - Stopped by Jonas Hiller without a rebound.
9:30 of 1st period - Stephen Weiss wins face-off versus Jamie Benn in Sharks zone.
10:30 of 1st period - Kyle Quincey is hit by Chris Kunitz and loses puck.
10:53 of 1st period - Shot by Drew Stafford.
10:53 of 1st period - Stopped by Tim Thomas without a rebound.
10:54 of 1st period - Tomas Plekanec wins face-off versus Brooks Laich in Jets zone.
11:28 of 1st period - Minor Penalty to Radko Gudas for Tripping.
11:29 of 1st period - Rich Peverley wins face-off versus Tomas Plekanec in Jets zone.
11:46 of 1st period - Tomas Plekanec is hit by Matt Beleskey.
11:54 of 1st period - Shot by Cory Sarich.
11:54 of 1st period - Shot Blocked by Connor Murphy.
12:22 of 1st period - Shot by Chris Butler.
12:22 of 1st period - Shot Blocked by Pascal Dupuis.
12:24 of 1st period - Shot by Chris Butler.
12:24 of 1st period - Stopped by Tim Thomas without a rebound.
12:25 of 1st period - Jamie Benn wins face-off versus Brooks Laich in Jets zone.
12:42 of 1st period - Shot by Robert Bortuzzo.
12:42 of 1st period - Shot Misses the Net.
12:44 of 1st period - Shot by Robert Bortuzzo.
12:44 of 1st period - Shot Misses the Net.
13:32 of 1st period - Shot by Andrew Shaw.
13:32 of 1st period - Shot Misses the Net.
13:42 of 1st period - Shot by Corey Perry.
13:42 of 1st period - Shot Blocked by Kyle Quincey.
13:51 of 1st period - Icing by Joe Corvo.
13:52 of 1st period - Jamie Benn wins face-off versus Stephen Weiss in Sharks zone.
14:07 of 1st period - Shot by Viktor Stalberg.
14:07 of 1st period - Deflect By Andrew Shaw.
14:07 of 1st period - Stopped by Tim Thomas without a rebound.
14:08 of 1st period - Joe Pavelski wins face-off versus Drew Stafford in Jets zone.
14:19 of 1st period - Shot by Cory Sarich.
14:19 of 1st period - Shot Blocked by Radko Gudas.
14:22 of 1st period - Minor Penalty to Anders Lee for High sticking.
14:23 of 1st period - Tomas Plekanec wins face-off versus Drew Stafford in Jets zone.
15:15 of 1st period - Icing by Cory Sarich.
15:16 of 1st period - Tomas Plekanec wins face-off versus Rich Peverley in Sharks zone.
15:17 of 1st period - Shot by Pascal Dupuis.
15:17 of 1st period - Stopped by Jonas Hiller without a rebound.
15:18 of 1st period - Tomas Plekanec wins face-off versus Rich Peverley in Sharks zone.
15:37 of 1st period - Shot by Pascal Dupuis.
15:37 of 1st period - Deflect By Tomas Plekanec.
15:37 of 1st period - Stopped by Jonas Hiller with a rebound.
15:39 of 1st period - Shot by Tomas Plekanec.
15:39 of 1st period - Shot Blocked by Cory Sarich.
15:50 of 1st period - Off-side.
15:51 of 1st period - Brooks Laich wins face-off versus Tomas Plekanec in neutral zone.
17:15 of 1st period - Cory Sarich is hit by Anders Lee and loses puck.
17:27 of 1st period - Icing by Chris Butler.
17:28 of 1st period - Colin Fraser wins face-off versus Jamie Benn in Sharks zone.
18:18 of 1st period - Icing by Jonathan Ericsson.
18:19 of 1st period - Jamie Benn wins face-off versus Brooks Laich in Jets zone.
19:12 of 1st period - Shot by Tomas Plekanec.
19:12 of 1st period - Shot Hit the Post.
19:14 of 1st period - Shot by Carl Hagelin.
19:14 of 1st period - Shot Misses the Net.
19:16 of 1st period - Shot by Alexander Edler.
19:16 of 1st period - Shot Blocked by Robert Bortuzzo.
19:28 of 1st period - Christian Ehrhoff is hit by Jannik Hansen and loses puck.
19:55 of 1st period - Shot by Joe Corvo.
19:55 of 1st period - Stopped by Tim Thomas without a rebound.
19:56 of 1st period - Drew Stafford wins face-off versus Jamie Benn in Jets zone.
Goals for this period are 0 for Sharks vs 0 for Jets.
Shots for this period are 8 for Sharks vs 9 for Jets.

2nd period


0:01 of 2nd period - Rich Peverley wins face-off versus Joe Pavelski in neutral zone.
0:30 of 2nd period - Shot by Drew Stafford.
0:30 of 2nd period - Shot Misses the Net.
1:00 of 2nd period - Shot by Brooks Laich.
1:00 of 2nd period - Shot Misses the Net.
1:02 of 2nd period - Shot by Joe Corvo.
1:02 of 2nd period - Shot Blocked by Christian Ehrhoff.
1:18 of 2nd period - Shot by Jannik Hansen.
1:18 of 2nd period - Shot Blocked by Christian Ehrhoff.
1:52 of 2nd period - Icing by Michael Kostka.
1:53 of 2nd period - Stephen Weiss wins face-off versus Josh Bailey in Sharks zone.
1:53 of 2nd period - Stephen Weiss is hit by Chris Kunitz.
1:56 of 2nd period - Andrew Shaw is hit by Chris Kunitz and loses puck.
2:01 of 2nd period - Shot by Chris Kunitz.
2:01 of 2nd period - Stopped by Jonas Hiller without a rebound.
2:02 of 2nd period - Colin Fraser wins face-off versus Jamie Benn in Sharks zone.
2:02 of 2nd period - Colin Fraser is hit by Jamie Benn.
2:42 of 2nd period - Colin Fraser is hit by Radko Gudas and loses puck.
2:55 of 2nd period - Jannik Hansen is hit by Chris Kunitz and loses puck.
3:24 of 2nd period - Shot by Tomas Plekanec.
3:24 of 2nd period - Goal by Tomas Plekanec - Sharks : 0 - Jets : 1.
3:25 of 2nd period - Boyd Gordon wins face-off versus Andrew Shaw in neutral zone.
3:25 of 2nd period - Brett Bellemore is hit by Andrew Shaw and loses puck.
3:45 of 2nd period - Pascal Dupuis is hit by Robert Bortuzzo and loses puck.
3:55 of 2nd period - Minor Penalty to Robert Bortuzzo for Hooking.
3:56 of 2nd period - Rich Peverley wins face-off versus Anders Lee in Sharks zone.
4:15 of 2nd period - Shot by Joe Pavelski.
4:15 of 2nd period - Shot Blocked by Cory Sarich.
4:23 of 2nd period - Shot by Anders Lee.
4:23 of 2nd period - Shot Blocked by Cory Sarich.
4:29 of 2nd period - Shot by Joe Pavelski.
4:29 of 2nd period - Goal by Joe Pavelski - Sharks : 0 - Jets : 2.
4:30 of 2nd period - Tomas Plekanec wins face-off versus Brooks Laich in neutral zone.
4:47 of 2nd period - Shot by Nick Bonino.
4:47 of 2nd period - Stopped by Jonas Hiller without a rebound.
4:48 of 2nd period - Colin Fraser wins face-off versus Chris Kunitz in Sharks zone.
5:26 of 2nd period - Shot by Drew Stafford.
5:26 of 2nd period - Shot Misses the Net.
6:04 of 2nd period - Shot by Anders Lee.
6:04 of 2nd period - Stopped by Jonas Hiller with a rebound.
6:12 of 2nd period - Shot by Joe Pavelski.
6:12 of 2nd period - Stopped by Jonas Hiller with a rebound.
6:14 of 2nd period - Shot by Joe Pavelski.
6:14 of 2nd period - Stopped by Jonas Hiller without a rebound.
6:15 of 2nd period - Tomas Plekanec wins face-off versus Brooks Laich in Sharks zone.
6:22 of 2nd period - Christian Ehrhoff is hit by Jannik Hansen and loses puck.
7:32 of 2nd period - Shot by Andrew Shaw.
7:32 of 2nd period - Shot Blocked by Connor Murphy.
7:34 of 2nd period - Shot by Robert Bortuzzo.
7:34 of 2nd period - Shot Misses the Net.
8:02 of 2nd period - Icing by Cory Sarich.
8:03 of 2nd period - Matt Beleskey wins face-off versus Joe Pavelski in Sharks zone.
8:34 of 2nd period - Icing by Alexander Edler.
8:35 of 2nd period - Brooks Laich wins face-off versus Joe Pavelski in Jets zone.
8:47 of 2nd period - Corey Perry is hit by Kyle Quincey and loses puck.
8:53 of 2nd period - Anders Lee is hit by Kyle Quincey.
9:22 of 2nd period - Icing by Nicklas Grossmann.
9:23 of 2nd period - Stephen Weiss wins face-off versus Jamie Benn in Jets zone.
9:45 of 2nd period - Shot by Michael Kostka.
9:45 of 2nd period - Shot Misses the Net.
9:55 of 2nd period - Shot by Andrew Shaw.
9:55 of 2nd period - Shot Misses the Net.
9:57 of 2nd period - Shot by Michael Kostka.
9:57 of 2nd period - Shot Blocked by Nicklas Grossmann.
10:19 of 2nd period - Cory Sarich is hit by Jamie Benn and loses puck.
10:25 of 2nd period - Off-side.
10:26 of 2nd period - Joe Pavelski wins face-off versus Brooks Laich in neutral zone.
10:38 of 2nd period - Corey Perry is hit by Joe Corvo and loses puck.
11:09 of 2nd period - Shot by Joe Pavelski.
11:09 of 2nd period - Stopped by Jonas Hiller with a rebound.
11:11 of 2nd period - Shot by Corey Perry.
11:11 of 2nd period - Stopped by Jonas Hiller with a rebound.
11:26 of 2nd period - Icing by Martin Havlat.
11:27 of 2nd period - Brooks Laich wins face-off versus Tomas Plekanec in Sharks zone.
11:54 of 2nd period - Shot by Rich Peverley.
11:54 of 2nd period - Stopped by Tim Thomas without a rebound.
11:55 of 2nd period - Boyd Gordon wins face-off versus Stephen Weiss in Jets zone.
12:28 of 2nd period - Shot by Andrew Shaw.
12:28 of 2nd period - Shot Hit the Post.
12:45 of 2nd period - Off-side.
12:46 of 2nd period - Joe Pavelski wins face-off versus Colin Fraser in neutral zone.
13:09 of 2nd period - Drew Stafford is hit by Connor Murphy and loses puck.
13:27 of 2nd period - Joe Pavelski is hit by Cory Sarich and loses puck.
14:08 of 2nd period - Minor Penalty to Alexander Edler for Hooking.
14:09 of 2nd period - Tomas Plekanec wins face-off versus Rich Peverley in Jets zone.
14:18 of 2nd period - Shot by Robert Bortuzzo.
14:18 of 2nd period - Shot Blocked by Pascal Dupuis.
14:20 of 2nd period - Shot by Martin Havlat.
14:20 of 2nd period - Stopped by Tim Thomas with a rebound.
14:22 of 2nd period - Shot by Robert Bortuzzo.
14:22 of 2nd period - Shot Blocked by Jonathan Ericsson.
14:30 of 2nd period - Shot by Chris Butler.
14:30 of 2nd period - Shot Blocked by Jonathan Ericsson.
14:34 of 2nd period - Shot by Robert Bortuzzo.
14:34 of 2nd period - Stopped by Tim Thomas without a rebound.
14:35 of 2nd period - Brooks Laich wins face-off versus Tomas Plekanec in Jets zone.
14:36 of 2nd period - Shot by Kyle Quincey.
14:36 of 2nd period - Shot Misses the Net.
15:04 of 2nd period - Shot by Tomas Plekanec.
15:04 of 2nd period - Stopped by Jonas Hiller without a rebound.
15:05 of 2nd period - Rich Peverley wins face-off versus Jamie Benn in Sharks zone.
15:16 of 2nd period - Shot by Robert Bortuzzo.
15:16 of 2nd period - Shot Blocked by Pascal Dupuis.
15:37 of 2nd period - Shot by Robert Bortuzzo.
15:37 of 2nd period - Shot Misses the Net.
16:13 of 2nd period - Shot by Corey Perry.
16:13 of 2nd period - Shot Misses the Net.
16:23 of 2nd period - Shot by Corey Perry.
16:23 of 2nd period - Deflect By Joe Pavelski.
16:23 of 2nd period - Shot Misses the Net.
16:45 of 2nd period - Minor Penalty to Alexander Edler for Holding.
16:46 of 2nd period - Tomas Plekanec wins face-off versus Brooks Laich in Jets zone.
17:25 of 2nd period - Shot by Kyle Quincey.
17:25 of 2nd period - Shot Misses the Net.
18:24 of 2nd period - Icing by Brooks Laich.
18:25 of 2nd period - Tomas Plekanec wins face-off versus Brooks Laich in Sharks zone.
18:50 of 2nd period - Chris Butler is hit by Connor Murphy and loses puck.
18:57 of 2nd period - Shot by Corey Perry.
18:57 of 2nd period - Stopped by Jonas Hiller without a rebound.
18:58 of 2nd period - Jamie Benn wins face-off versus Stephen Weiss in Sharks zone.
19:43 of 2nd period - Icing by Joe Corvo.
19:44 of 2nd period - Joe Pavelski wins face-off versus Stephen Weiss in Sharks zone.
Goals for this period are 0 for Sharks vs 2 for Jets.
Shots for this period are 3 for Sharks vs 11 for Jets.

3rd period


0:01 of 3rd period - Rich Peverley wins face-off versus Joe Pavelski in neutral zone.
0:04 of 3rd period - Christian Ehrhoff is hit by Matt Beleskey and loses puck.
0:43 of 3rd period - Shot by Rich Peverley.
0:43 of 3rd period - Stopped by Tim Thomas without a rebound.
0:44 of 3rd period - Jamie Benn wins face-off versus Brooks Laich in Jets zone.
1:01 of 3rd period - Minor Penalty to Radko Gudas for Holding.
1:02 of 3rd period - Brooks Laich wins face-off versus Tomas Plekanec in Jets zone.
2:23 of 3rd period - Shot by Rich Peverley.
2:23 of 3rd period - Goal by Rich Peverley - Sharks : 1 - Jets : 2.
2:24 of 3rd period - Corey Perry wins face-off versus Stephen Weiss in neutral zone.
2:27 of 3rd period - Shot by Radko Gudas.
2:27 of 3rd period - Stopped by Jonas Hiller without a rebound.
2:28 of 3rd period - Joe Pavelski wins face-off versus Stephen Weiss in Sharks zone.
2:45 of 3rd period - Shot by Andrew Shaw.
2:45 of 3rd period - Shot Misses the Net.
2:47 of 3rd period - Shot by Andrew Shaw.
2:47 of 3rd period - Shot Blocked by Connor Murphy.
2:59 of 3rd period - Kyle Quincey is hit by Anders Lee and loses puck.
3:44 of 3rd period - Matt Beleskey is hit by Chris Kunitz and loses puck.
4:14 of 3rd period - Drew Stafford is hit by Radko Gudas and loses puck.
4:15 of 3rd period - Minor Penalty to Radko Gudas for Roughing.
4:16 of 3rd period - Tomas Plekanec wins face-off versus Jannik Hansen in Jets zone.
4:16 of 3rd period - Tomas Plekanec is hit by Jannik Hansen.
4:28 of 3rd period - Jonathan Ericsson is hit by Brooks Laich and loses puck.
4:45 of 3rd period - Shot by Robert Bortuzzo.
4:45 of 3rd period - Deflect By Drew Stafford.
4:45 of 3rd period - Shot Blocked by Pascal Dupuis.
5:45 of 3rd period - Christian Ehrhoff is hit by Andrew Shaw and loses puck.
5:52 of 3rd period - Shot by Joe Corvo.
5:52 of 3rd period - Shot Misses the Net.
5:54 of 3rd period - Shot by Robert Bortuzzo.
5:54 of 3rd period - Goal by Robert Bortuzzo - Sharks : 2 - Jets : 2.
5:55 of 3rd period - Stephen Weiss wins face-off versus Joe Pavelski in neutral zone.
7:21 of 3rd period - Brooks Laich is hit by Nicklas Grossmann and loses puck.
7:42 of 3rd period - Minor Penalty to Nicklas Grossmann for Holding.
7:43 of 3rd period - Rich Peverley wins face-off versus Tomas Plekanec in Jets zone.
8:22 of 3rd period - Shot by Jannik Hansen.
8:22 of 3rd period - Shot Blocked by Radko Gudas.
8:24 of 3rd period - Shot by Justin Falk.
8:24 of 3rd period - Shot Blocked by Radko Gudas.
8:26 of 3rd period - Shot by Drew Stafford.
8:26 of 3rd period - Stopped by Tim Thomas without a rebound.
8:27 of 3rd period - Tomas Plekanec wins face-off versus Jannik Hansen in Jets zone.
8:34 of 3rd period - Shot by Jannik Hansen.
8:34 of 3rd period - Stopped by Tim Thomas without a rebound.
8:35 of 3rd period - Tomas Plekanec wins face-off versus Brooks Laich in Jets zone.
9:08 of 3rd period - Shot by Cory Sarich.
9:08 of 3rd period - Shot Blocked by Pascal Dupuis.
9:10 of 3rd period - Shot by Cory Sarich.
9:10 of 3rd period - Stopped by Tim Thomas with a rebound.
9:53 of 3rd period - Shot by Jordan Leopold.
9:53 of 3rd period - Deflect By Andrew Shaw.
9:53 of 3rd period - Stopped by Tim Thomas without a rebound.
9:54 of 3rd period - Stephen Weiss wins face-off versus Jamie Benn in Jets zone.
10:09 of 3rd period - Shot by Andrew Shaw.
10:09 of 3rd period - Shot Misses the Net.
10:11 of 3rd period - Shot by Andrew Shaw.
10:11 of 3rd period - Shot Blocked by Radko Gudas.
10:13 of 3rd period - Shot by Stephen Weiss.
10:13 of 3rd period - Stopped by Tim Thomas without a rebound.
10:14 of 3rd period - Joe Pavelski wins face-off versus Rich Peverley in Jets zone.
10:49 of 3rd period - Shot by Corey Perry.
10:49 of 3rd period - Shot Misses the Net.
10:51 of 3rd period - Shot by Joe Pavelski.
10:51 of 3rd period - Shot Misses the Net.
10:53 of 3rd period - Shot by Corey Perry.
10:53 of 3rd period - Shot Misses the Net.
10:55 of 3rd period - Shot by Christian Ehrhoff.
10:55 of 3rd period - Stopped by Jonas Hiller with a rebound.
10:57 of 3rd period - Shot by Corey Perry.
10:57 of 3rd period - Shot Blocked by Michael Kostka.
11:35 of 3rd period - Shot by Jannik Hansen.
11:35 of 3rd period - Goal by Jannik Hansen - Sharks : 3 - Jets : 2.
11:36 of 3rd period - Stephen Weiss wins face-off versus Tomas Plekanec in neutral zone.
11:52 of 3rd period - Stephen Weiss is hit by Radko Gudas and loses puck.
12:04 of 3rd period - Minor Penalty to Kyle Quincey for High sticking.
12:05 of 3rd period - Joe Pavelski wins face-off versus Rich Peverley in Sharks zone.
12:06 of 3rd period - Shot by Anders Lee.
12:06 of 3rd period - Goal by Anders Lee - Sharks : 3 - Jets : 3.
12:07 of 3rd period - Joe Pavelski wins face-off versus Brooks Laich in neutral zone.
12:12 of 3rd period - Shot by Corey Perry.
12:12 of 3rd period - Shot Hit the Post.
12:13 of 3rd period - Minor Penalty to Cory Sarich for Roughing.
12:14 of 3rd period - Rich Peverley wins face-off versus Anders Lee in Sharks zone.
12:30 of 3rd period - Off-side.
12:31 of 3rd period - Rich Peverley wins face-off versus Jamie Benn in neutral zone.
14:09 of 3rd period - Kyle Quincey is hit by Corey Perry and loses puck.
14:20 of 3rd period - Shot by Nick Bonino.
14:20 of 3rd period - Stopped by Jonas Hiller with a rebound.
14:22 of 3rd period - Shot by Nicklas Grossmann.
14:22 of 3rd period - Stopped by Jonas Hiller without a rebound.
14:23 of 3rd period - Stephen Weiss wins face-off versus Tomas Plekanec in Sharks zone.
14:23 of 3rd period - Double Minor Penalty to Carl Hagelin for Roughing.
14:24 of 3rd period - Tomas Plekanec wins face-off versus Brooks Laich in Jets zone.
14:32 of 3rd period - Off-side.
14:33 of 3rd period - Tomas Plekanec wins face-off versus Rich Peverley in neutral zone.
14:40 of 3rd period - Chris Butler is hit by Pascal Dupuis.
14:55 of 3rd period - Off-side.
14:56 of 3rd period - Tomas Plekanec wins face-off versus Brooks Laich in neutral zone.
15:13 of 3rd period - Icing by Kyle Quincey.
15:14 of 3rd period - Tomas Plekanec wins face-off versus Brooks Laich in Sharks zone.
15:14 of 3rd period - Tomas Plekanec is hit by Kyle Quincey.
15:17 of 3rd period - Minor Penalty to Cory Sarich for Boarding.
15:18 of 3rd period - Joe Pavelski wins face-off versus Jannik Hansen in Sharks zone.
15:59 of 3rd period - Shot by Rich Peverley.
15:59 of 3rd period - Stopped by Tim Thomas without a rebound.
16:00 of 3rd period - Joe Pavelski wins face-off versus Brooks Laich in Jets zone.
16:21 of 3rd period - Shot by Corey Perry.
16:21 of 3rd period - Shot Blocked by Kyle Quincey.
16:23 of 3rd period - Shot by Alexander Edler.
16:23 of 3rd period - Stopped by Jonas Hiller without a rebound.
16:24 of 3rd period - Jamie Benn wins face-off versus Rich Peverley in Sharks zone.
17:12 of 3rd period - Icing by Connor Murphy.
17:13 of 3rd period - Jamie Benn wins face-off versus Brooks Laich in Jets zone.
18:00 of 3rd period - Pascal Dupuis is hit by Matt Beleskey and loses puck.
18:15 of 3rd period - Shot by Rich Peverley.
18:15 of 3rd period - Deflect By Martin Havlat.
18:15 of 3rd period - Shot Misses the Net.
18:17 of 3rd period - Shot by Matt Beleskey.
18:17 of 3rd period - Shot Misses the Net.
18:19 of 3rd period - Shot by Chris Butler.
18:19 of 3rd period - Stopped by Tim Thomas without a rebound.
18:20 of 3rd period - Tomas Plekanec wins face-off versus Brooks Laich in Jets zone.
18:50 of 3rd period - Viktor Stalberg is hit by Alexander Edler.
18:52 of 3rd period - Shot by Joe Corvo.
18:52 of 3rd period - Shot Misses the Net.
19:10 of 3rd period - Shot by Drew Stafford.
19:10 of 3rd period - Shot Blocked by Alexander Edler.
19:16 of 3rd period - Cory Sarich is hit by Anders Lee and loses puck.
19:31 of 3rd period - Shot by Jamie Benn.
19:31 of 3rd period - Stopped by Jonas Hiller without a rebound.
19:32 of 3rd period - Brooks Laich wins face-off versus Jamie Benn in Sharks zone.
19:32 of 3rd period - Brooks Laich is hit by Chris Kunitz.
19:45 of 3rd period - Shot by Jamie Benn.
19:45 of 3rd period - Shot Misses the Net.
Goals for this period are 3 for Sharks vs 1 for Jets.
Shots for this period are 11 for Sharks vs 7 for Jets.

Overtime #1


0:01 of 1st overtime period - Rich Peverley wins face-off versus Joe Pavelski in neutral zone.
0:06 of 1st overtime period - Christian Ehrhoff is hit by Rich Peverley and loses puck.
0:15 of 1st overtime period - Shot by Rich Peverley.
0:15 of 1st overtime period - Shot Blocked by Christian Ehrhoff.
0:17 of 1st overtime period - Shot by Cory Sarich.
0:17 of 1st overtime period - Stopped by Tim Thomas without a rebound.
0:18 of 1st overtime period - Joe Pavelski wins face-off versus Rich Peverley in Jets zone.
0:33 of 1st overtime period - Shot by Joe Pavelski.
0:33 of 1st overtime period - Shot Misses the Net.
1:27 of 1st overtime period - Shot by Jamie Benn.
1:27 of 1st overtime period - Stopped by Jonas Hiller without a rebound.
1:28 of 1st overtime period - Corey Perry wins face-off versus Brooks Laich in Sharks zone.
1:31 of 1st overtime period - Shot by Joe Pavelski.
1:31 of 1st overtime period - Stopped by Jonas Hiller with a rebound.
1:33 of 1st overtime period - Shot by Connor Murphy.
1:33 of 1st overtime period - Shot Misses the Net.
1:51 of 1st overtime period - Shot by Joe Pavelski.
1:51 of 1st overtime period - Shot Misses the Net.
1:55 of 1st overtime period - Shot by Corey Perry.
1:55 of 1st overtime period - Shot Blocked by Matt Beleskey.
2:45 of 1st overtime period - Shot by Chris Kunitz.
2:45 of 1st overtime period - Shot Blocked by Robert Bortuzzo.
2:49 of 1st overtime period - Shot by Chris Kunitz.
2:49 of 1st overtime period - Stopped by Jonas Hiller without a rebound.
2:50 of 1st overtime period - Brooks Laich wins face-off versus Nick Bonino in Sharks zone.
2:50 of 1st overtime period - Brooks Laich is hit by Nick Bonino.
3:04 of 1st overtime period - Shot by Brooks Laich.
3:04 of 1st overtime period - Stopped by Tim Thomas with a rebound.
3:08 of 1st overtime period - Shot by Andrew Shaw.
3:08 of 1st overtime period - Stopped by Tim Thomas without a rebound.
3:09 of 1st overtime period - Rich Peverley wins face-off versus Joe Pavelski in Jets zone.
3:45 of 1st overtime period - Icing by Christian Ehrhoff.
3:46 of 1st overtime period - Joe Pavelski wins face-off versus Brooks Laich in Jets zone.
4:15 of 1st overtime period - Shot by Jamie Benn.
4:15 of 1st overtime period - Shot Misses the Net.
4:17 of 1st overtime period - Shot by Jonathan Ericsson.
4:17 of 1st overtime period - Shot Misses the Net.
4:19 of 1st overtime period - Shot by Chris Kunitz.
4:19 of 1st overtime period - Stopped by Jonas Hiller with a rebound.
4:25 of 1st overtime period - Shot by Jamie Benn.
4:25 of 1st overtime period - Shot Blocked by Cory Sarich.
4:41 of 1st overtime period - Shot by Jamie Benn.
4:41 of 1st overtime period - Shot Misses the Net.
Goals for this period are 0 for Sharks vs 0 for Jets.
Shots for this period are 3 for Sharks vs 4 for Jets.

ShootOut


5:00 of 1st overtime period - Penalty Shot by Jannik Hansen for Sharks.
5:00 of 1st overtime period - Shot Misses the Net.
5:00 of 1st overtime period - Penalty Shot by Chris Kunitz for Jets.
5:00 of 1st overtime period - Stopped by Jonas Hiller.
5:00 of 1st overtime period - Penalty Shot by Rich Peverley for Sharks.
5:00 of 1st overtime period - Shot Misses the Net.
5:00 of 1st overtime period - Penalty Shot by Corey Perry for Jets.
5:00 of 1st overtime period - Shot Misses the Net.
5:00 of 1st overtime period - Penalty Shot by Drew Stafford for Sharks.
5:00 of 1st overtime period - Stopped by Tim Thomas.
5:00 of 1st overtime period - Penalty Shot by Joe Pavelski for Jets.
5:00 of 1st overtime period - Stopped by Jonas Hiller.
5:00 of 1st overtime period - Penalty Shot by Matt Beleskey for Sharks.
5:00 of 1st overtime period - Stopped by Tim Thomas.
5:00 of 1st overtime period - Penalty Shot by Jamie Benn for Jets.
5:00 of 1st overtime period - Goal by Jamie Benn.


Output by the SimonT Hockey Simulator (STHS) for Stephane Roy -- Original Page W3C XHTML 1.0 Valid
Hockey Simulator - Hockey Simulation - Hockey Manager